 Dungeon Crawl Stone Soup version 0.29.0-4-gdea44cf6ec (webtiles) character file.

Game seed: 16270985949982100860

1401 qw the Chopper (level 8, -19/51 HPs)
             Began as a Gargoyle Delver on Sept 10, 2022.
             Demolished by an ogre
             ... wielding a +0 giant spiked club
              (24 damage)
             ... on level 6 of the Dungeon.
             The game lasted 00:02:54 (7140 turns).

qw the Chopper (Gargoyle Delver)                    Turns: 7140, Time: 00:02:54

Health: -19/51     AC: 17    Str: 18    XL:     8   Next: 69%
Magic:  8/8        EV: 10    Int: 11    God:
Gold:   134        SH:  0    Dex: 11    Spells: 7/7 levels left

rFire   . . .      SeeInvis .   p - +0 war axe
rCold   . . .      Faith    .   (no shield)
rNeg    + + .      Spirit   .   b - +0 plate armour
rPois   inf        Reflect  .   (no helmet)
rElec   +          Harm     .   (no cloak)
rCorr   .          Rampage  .   (no gloves)
Will    .....                   (no boots)
Stlth   ..........              (no amulet)
HPRegen 0.17/turn               m - ring of positive energy
MPRegen 0.11/turn               a - +4 ring of evasion

@: about to teleport
A: sickness immunity, AC +5, negative energy resistance 1, electricity
resistance, torment resistance 1, petrification resistance
a: no special abilities


You were on level 6 of the Dungeon.
You visited 1 branch of the dungeon, and saw 6 of its levels.

You collected 259 gold pieces.
You spent 125 gold pieces at shops.


Innate Abilities, Weirdness & Mutations

You are immune to sickness and miasma.
Your stone body is resilient. (AC +5)
You are immune to poison.
You resist negative energy. (rN+)
You are resistant to electric shocks. (rElec)
You are resistant to unholy torment.
You are immune to petrification.


   Skills:
 - Level 6.0 Fighting
 + Level 7.5 Axes
 - Level 1.4 Throwing
 - Level 4.5 Armour
 - Level 1.5 Dodging
 - Level 5.4 Stealth


You had 7 spell levels left.
You didn't know any spells.
Your spell library was empty.

Inventory:

Hand Weapons
 p - a +0 war axe (weapon)
 r - a +0 flail
Missiles
 s - a boomerang (quivered)
Armour
 b - a +0 plate armour (worn)
 e - a +2 pair of gloves
 h - a +0 buckler
Jewellery
 a - a +4 ring of evasion (right hand)
 k - an amulet of guardian spirit
 m - a ring of positive energy (left hand)
Wands
 g - a wand of digging (3)
Scrolls
 i - a scroll of enchant armour {unknown}
 n - 3 scrolls of identify
Potions
 d - 2 potions of curing
 f - 2 potions of haste
 j - 3 potions of might
 l - a potion of lignification {unknown}
 o - a potion of invisibility {unknown}
 q - a potion of resistance {unknown}

Dungeon Overview and Level Annotations

Branches:
Dungeon (6/15)
 Temple: D:4-7

Altars:
Gozag
Kikubaaqudgha
Nemelex Xobeh

Shops:
D:1 ?   D:2 !(?!=   D:5 [


Message History

Items here: ! % )) ? [.
i - a scroll labelled XUREWU JAXINOO
Things that are here:
a +0 trident; a +0 scale mail A gnoll comes into view.
It is wielding a +0 mace.
The gnoll shouts!
An ogre comes into view. It is wielding a +0 giant spiked club.
You see here 15 gold pieces.
Throw: boomerang
Press: ? - help, Q - select action Shift-Dir - straight line, f - gnoll You throw a boomerang.
The ogre shouts!
The boomerang hits the gnoll.
The gnoll is lightly wounded.
Throw: boomerang
Press: ? - help, Q - select action Shift-Dir - straight line, f/p - gnoll You throw a boomerang.
The boomerang closely misses the gnoll.
Throw: boomerang
Press: ? - help, Q - select action Shift-Dir - straight line, f - ogre You throw a boomerang.
The boomerang hits the ogre.
The ogre is lightly wounded.
Throw: boomerang
Press: ? - help, Q - select action Shift-Dir - straight line, f/p - ogre You throw a boomerang.
The boomerang barely misses the ogre.
You hit the ogre but do no damage.
The ogre is lightly wounded.
The ogre hits you with a +0 giant spiked club!
You slash the ogre!
The ogre is heavily wounded.
The ogre hits you with a +0 giant spiked club!
You hit the ogre but do no damage.
The ogre is heavily wounded.
The ogre hits you with a +0 giant spiked club!!
7139 ||| READING scroll of teleportation.
As you read the scroll of teleportation, it crumbles to dust.
You feel strangely unstable.
You slash the ogre!
The ogre is almost dead.
The ogre hits you with a +0 giant spiked club!!
You die...

#...#.###...........#####
#...#)..................#
.....(...##########.###....
....#.##.# ####.# ...
......##.# ##....###.#
.>###..#.# #.........# ..#
#.#..######......####
..###..#......)).O~~####
......##.#####..@.~.....
..###.##.# ##...~~####
.....#...# #...(..#
..###.#### #.?....# ..# #.#
##....## ### #/# ###### #.#
#####.# ...##.#


You could see an ogre.

Vanquished Creatures
  A komodo dragon (D:6)
  Grinder (D:3)
  A wraith (D:6)
  A black bear (D:5)
  A sky beast (D:6)
  A centaur (D:5)
  A necrophage (D:5)
  A gnoll sergeant (D:6)
  2 scorpions
  An orc priest (D:5)
  A jelly (D:5)
  2 gnolls (D:6)
  15 adders
  An ufetubus (D:4)
  2 dart slugs (D:1)
  12 orcs
  6 ball pythons
  5 bats
  9 endoplasms
  3 giant cockroaches
  6 goblins
  10 hobgoblins
  4 jackals (D:2)
  8 quokkas
  7 frilled lizards
  8 kobolds
  3 rats
113 creatures vanquished.

Vanquished Creatures (others)
  A bush (D:6)
1 creature vanquished.

Grand Total: 114 creatures vanquished

Notes
Turn   | Place    | Note
-------+----------+-------------------------------------------
     0 | D:5      | qw the Gargoyle Delver began the quest for the Orb.
     0 | D:5      | Reached XP level 1. HP: 14/14 MP: 1/1
     0 | D:5      | 0 ||| qw: Version: 0.1-a-116-g5d60599
     0 | D:5      | 0 ||| qw: Game counter: 8910
     0 | D:5      | 0 ||| qw: Always use a shield: true
     0 | D:5      | 0 ||| qw: God list: Okawaru
     0 | D:5      | 0 ||| qw: Allow faded altars: false
     0 | D:5      | 0 ||| qw: Do Orc after D:15 true
     0 | D:5      | 0 ||| qw: Do second Lair branch before Depths: true
     0 | D:5      | 0 ||| qw: Lair rune preference: random
     0 | D:5      | 0 ||| qw: Plans: Normal
     0 | D:5      | 0 ||| PLANNING D:1-11
    31 | D:5      | Reached skill level 2 in Axes
    31 | D:5      | Reached XP level 2. HP: 11/19 MP: 2/2
   196 | D:5      | 196 ||| DROPPING scroll of fog.
   197 | D:5      | 197 ||| DROPPING scroll of magic mapping.
   198 | D:5      | 198 ||| DROPPING scroll of fear.
   205 | D:4      | 205 ||| PLANNING SEWER
   244 | D:4      | 244 ||| Stepping ~*~*~tactically~*~*~ (stealth).
   292 | D:4      | Reached skill level 3 in Axes
   320 | D:4      | Reached XP level 3. HP: 14/23 MP: 3/3
   811 | D:4      | Found a glowing drain.
   812 | D:4      | 812 ||| READING scroll labelled ICZIAT BOKHURCH.
   813 | D:4      | 813 ||| READING 2 scrolls labelled MEBU CUHUDWAEMEY.
   850 | D:4      | 850 ||| RIP SEWER
   874 | D:4      | 874 ||| PLANNING D:1-11
   954 | D:3      | Reached XP level 4. HP: 23/28 MP: 4/4
  1159 | D:3      | Found an ancient bone altar of Kikubaaqudgha.
  1217 | D:3      | Reached skill level 4 in Axes
  1271 | D:3      | 1271 ||| Stepping ~*~*~tactically~*~*~ (stealth).
  1298 | D:3      | 1298 ||| Stepping ~*~*~tactically~*~*~ (stealth).
  1391 | D:2      | Found Oraconn's Distillery.
  1391 | D:2      | Found Etuhyzeo's Weapon Shop.
  1397 | D:2      | 1397 ||| Stepping ~*~*~tactically~*~*~ (stealth).
  1637 | D:1      | Found a faded altar of an unknown god.
  1641 | D:1      | 1641 ||| UPGRADING to +0 ring mail.
  1651 | D:1      | 1651 ||| DROPPING +0 leather armour.
  1652 | D:1      | 1652 ||| READING 2 scrolls of teleportation.
  1672 | D:1      | 1672 ||| Stepping ~*~*~tactically~*~*~ (stealth).
  1694 | D:1      | Reached XP level 5. HP: 32/32 MP: 5/5
  1695 | D:1      | Found Rufaycic's Magic Scroll Shop.
  1712 | D:1      | 1712 ||| Stepping ~*~*~tactically~*~*~ (stealth).
  1713 | D:1      | 1713 ||| Stepping ~*~*~tactically~*~*~ (stealth).
  1781 | D:1      | 1781 ||| SHOPLISTING scroll of enchant armour (97 gold,
                  | have 19).
  1781 | D:1      | 1781 ||| SHOPLISTING scroll of enchant weapon (97 gold,
                  | have 19).
  1781 | D:1      | 1781 ||| SHOPLISTING scroll of identify (26 gold, have 19).
  1781 | D:1      | 1781 ||| SHOPLISTING scroll of teleportation (39 gold, have
                  | 19).
  1827 | D:1      | 1827 ||| Stepping ~*~*~tactically~*~*~ (stealth).
  1832 | D:1      | Reached skill level 1 in Armour
  1962 | D:1      | 1962 ||| Stepping ~*~*~tactically~*~*~ (stealth).
  1964 | D:1      | 1964 ||| Stepping ~*~*~tactically~*~*~ (stealth).
  1983 | D:1      | 1983 ||| Stepping ~*~*~tactically~*~*~ (stealth).
  2564 | D:1      | 2564 ||| DROPPING amulet of faith.
  2565 | D:1      | 2565 ||| UPGRADING to ring of positive energy.
  2566 | D:1      | 2566 ||| DROPPING ring of magical power.
  2567 | D:1      | 2567 ||| READING scroll labelled LOUSAKKOGUC.
  2568 | D:1      | 2568 ||| DRINKING 2 bubbling purple potions.
  2604 | D:2      | Found Femoats's Distillery.
  2605 | D:2      | 2605 ||| STAIRDANCE
  2690 | D:2      | 2690 ||| BUYING potion of heal wounds (55 gold).
  2690 | D:2      | Bought a potion of heal wounds for 55 gold pieces
  2690 | D:2      | 2690 ||| SHOPLISTING potion of might (44 gold, have 10).
  2690 | D:2      | 2690 ||| SHOPLISTING potion of mutation (88 gold, have 10).
  2751 | D:2      | 2751 ||| Stepping ~*~*~tactically~*~*~ (stealth).
  2823 | D:2      | Found Qoniaven's Jewellery Emporium.
  2841 | D:2      | 2841 ||| SHOPLISTING amulet of guardian spirit (420 gold,
                  | have 36).
  2841 | D:2      | 2841 ||| SHOPLISTING amulet of the acrobat (420 gold, have
                  | 36).
  2841 | D:2      | 2841 ||| SHOPLISTING ring of positive energy (280 gold,
                  | have 36).
  2841 | D:2      | 2841 ||| SHOPLISTING ring of resist corrosion (280 gold,
                  | have 36).
  2888 | D:2      | Found Ylamigh's Magic Scroll Boutique.
  2897 | D:2      | 2897 ||| SHOPLISTING scroll of brand weapon (123 gold, have
                  | 36).
  2934 | D:2      | 2934 ||| BUYING potion of curing (30 gold).
  2934 | D:2      | Bought a potion of curing for 30 gold pieces
  2934 | D:2      | 2934 ||| BUYING potion of might (40 gold).
  2934 | D:2      | Bought a potion of might for 40 gold pieces
  2934 | D:2      | 2934 ||| SHOPLISTING potion of might (40 gold, have 5).
  2934 | D:2      | 2934 ||| SHOPLISTING potion of mutation (80 gold, have 5).
  3266 | D:2      | 3266 ||| READING scroll labelled ASAMOF YSTRIALLAERPH.
  3267 | D:2      | 3267 ||| READING scroll labelled TERUKE HEOG.
  3268 | D:2      | 3268 ||| READING 2 scrolls of identify.
  3268 | D:2      | 3268 ||| IDENTIFYING fuming puce potion
  3269 | D:2      | 3269 ||| DROPPING potion of flight.
  3307 | D:3      | Reached skill level 5 in Axes
  3351 | D:3      | 3351 ||| Stepping ~*~*~tactically~*~*~ (stealth).
  3352 | D:3      | 3352 ||| Stepping ~*~*~tactically~*~*~ (stealth).
  3394 | D:3      | Noticed Grinder
  3395 | D:3      | 3395 ||| Stepping ~*~*~tactically~*~*~ (hiding).
  3400 | D:3      | 3400 ||| Stepping ~*~*~tactically~*~*~ (hiding).
  3410 | D:3      | Paralysed by Grinder for 3 turns
  3415 | D:3      | HP: 7/32 [Grinder (6)]
  3416 | D:3      | 3416 ||| READING scroll of teleportation.
  3417 | D:3      | 3417 ||| DRINKING potion of heal wounds.
  3420 | D:3      | Found a sparkling altar of Nemelex Xobeh.
  3680 | D:3      | Reached XP level 6. HP: 39/39 MP: 6/6
  3934 | D:3      | 3934 ||| Stepping ~*~*~tactically~*~*~ (stealth).
  3936 | D:3      | 3936 ||| Stepping ~*~*~tactically~*~*~ (stealth).
  3939 | D:3      | 3939 ||| Stepping ~*~*~tactically~*~*~ (stealth).
  3941 | D:3      | 3941 ||| Stepping ~*~*~tactically~*~*~ (hiding).
  3954 | D:3      | 3954 ||| Stepping ~*~*~tactically~*~*~ (hiding).
  3955 | D:3      | Paralysed by Grinder for 5 turns
  3963 | D:3      | Killed Grinder
  3964 | D:3      | Reached skill level 6 in Axes
  3964 | D:3      | Reached XP level 7. HP: 18/44 MP: 7/7
  4205 | D:3      | 4205 ||| UPGRADING to +0 plate armour.
  4215 | D:3      | 4215 ||| DROPPING +0 ring mail.
  4216 | D:3      | 4216 ||| UPGRADING to +4 ring of evasion.
  4217 | D:3      | 4217 ||| DRINKING 2 puce potions.
  4218 | D:3      | 4218 ||| DROPPING potion of brilliance.
  4349 | D:4      | 4349 ||| READING scroll labelled PUSTRU WAQI.
  4350 | D:4      | 4350 ||| DRINKING 2 fuming white potions.
  4451 | D:4      | 4451 ||| READING 2 scrolls of identify.
  4451 | D:4      | 4451 ||| IDENTIFYING viscous clear potion
  4452 | D:4      | 4452 ||| DROPPING potion of ambrosia.
  4453 | D:4      | 4453 ||| DROPPING potion of attraction.
  4642 | D:5      | 4642 ||| Stepping ~*~*~tactically~*~*~ (hiding).
  4651 | D:5      | Reached skill level 3 in Armour
  4953 | D:5      | Found Bech's Antique Armour Boutique.
  4956 | D:5      | 4956 ||| SHOPLISTING pair of gloves (148 gold, have 79).
  4956 | D:5      | 4956 ||| SHOPLISTING shiny chain mail (247 gold, have 79).
  5477 | D:5      | Reached skill level 7 in Axes
  5591 | D:6      | Noticed a komodo dragon
  5605 | D:6      | Killed a komodo dragon
  5606 | D:6      | Reached skill level 6 in Fighting
  5606 | D:6      | Reached XP level 8. HP: 21/51 MP: 8/8
  5810 | D:6      | 5810 ||| Stepping ~*~*~tactically~*~*~ (stealth).
  5882 | D:6      | 5882 ||| SWAPPING to +1 hand axe of freezing.
  5883 | D:6      | 5883 ||| DROPPING +1 hand axe of venom.
  5900 | D:6      | Noticed a wraith
  5901 | D:6      | 5901 ||| Stepping ~*~*~tactically~*~*~ (stealth).
  5921 | D:6      | Killed a wraith
  5999 | D:6      | 5999 ||| FLEEEEING.
  6000 | D:6      | 6000 ||| FLEEEEING.
  6060 | D:6      | Found an opulent altar of Gozag.
  6167 | D:6      | 6167 ||| Stepping ~*~*~tactically~*~*~ (stealth).
  6170 | D:6      | 6170 ||| Stepping ~*~*~tactically~*~*~ (stealth).
  6192 | D:6      | 6192 ||| SWAPPING to +0 war axe.
  6193 | D:6      | 6193 ||| DROPPING +0 mace.
  6194 | D:6      | 6194 ||| DROPPING +1 hand axe of freezing.
  6216 | D:6      | 6216 ||| FLEEEEING.
  6217 | D:6      | 6217 ||| FLEEEEING.
  6258 | D:6      | 6258 ||| Stepping ~*~*~tactically~*~*~ (stealth).
  6277 | D:6      | 6277 ||| Stepping ~*~*~tactically~*~*~ (stealth).
  6299 | D:6      | 6299 ||| FLEEEEING.
  6300 | D:6      | 6300 ||| FLEEEEING.
  6301 | D:6      | 6301 ||| FLEEEEING.
  6302 | D:6      | 6302 ||| FLEEEEING.
  6303 | D:6      | 6303 ||| FLEEEEING.
  6304 | D:6      | 6304 ||| FLEEEEING.
  6305 | D:6      | 6305 ||| FLEEEEING.
  6401 | D:6      | 6401 ||| FLEEEEING.
  6402 | D:6      | 6402 ||| FLEEEEING.
  6403 | D:6      | 6403 ||| FLEEEEING.
  6472 | D:6      | 6472 ||| FLEEEEING.
  6473 | D:6      | 6473 ||| FLEEEEING.
  6474 | D:6      | 6474 ||| FLEEEEING.
  6556 | D:6      | 6556 ||| FLEEEEING.
  6557 | D:6      | 6557 ||| FLEEEEING.
  6629 | D:6      | 6629 ||| FLEEEEING.
  6630 | D:6      | 6630 ||| FLEEEEING.
  6677 | D:6      | 6677 ||| FLEEEEING.
  6678 | D:6      | 6678 ||| FLEEEEING.
  6679 | D:6      | 6679 ||| FLEEEEING.
  6680 | D:6      | 6680 ||| FLEEEEING.
  6811 | D:6      | 6811 ||| FLEEEEING.
  6812 | D:6      | 6812 ||| FLEEEEING.
  6868 | D:6      | 6868 ||| FLEEEEING.
  6869 | D:6      | 6869 ||| FLEEEEING.
  6986 | D:6      | Reached skill level 1 in Throwing
  6989 | D:6      | HP: 11/51 [gnoll/+0 whip[a gnoll sergeant] (6)]
  6990 | D:6      | 6990 ||| DRINKING potion of heal wounds.
  6995 | D:6      | 6995 ||| FLEEEEING.
  6996 | D:6      | 6996 ||| FLEEEEING.
  6997 | D:6      | 6997 ||| FLEEEEING.
  7138 | D:6      | HP: 5/51 [ogre/+0 giant spiked club (23)]
  7139 | D:6      | 7139 ||| READING scroll of teleportation.
  7140 | D:6      | Demolished by an ogre

Levels and vault maps discovered:
D:1:      mrwooster_arrival_statue, layout_loops_ring,
          nicolae_ecumenical_lake_church, serial_shops, nicolae_shop_stone
D:2:      layout_loops_cross, serial_shops, shop, shop_coins,
          nicolae_shop_advertising_works [nicolae_subvault_shop_adworks], shop,
          shop_fountains, minivault_26
D:3:      layout_basic, mainiacjoe_overflow_paths,
          nicolae_overflow_crystal_walls, hangedman_glass_teeth, uniq_grinder
D:4:      layout_rooms, gup_sewer_entry_spiral
D:5:      layout_basic, serial_rivers, chequers_serial_rivers_small_3,
          chequers_serial_rivers_room_b, chequers_serial_rivers_small_3,
          chequers_serial_rivers_large_b, chequers_serial_rivers_marsh,
          serial_shops, nicolae_shop_behind_doors
D:6:      layout_loops_ring, nicolae_gozag_cash_rules_everything_around_me,
          minmay_misc_feat_ornament, kb_lookout_dungeons_type

Skill      XL: |  1  2  3  4  5  6  7  8 |
---------------+-------------------------+-----
Axes           | 2 3 4 5 6 7 |  7.5
Armour         | 1 3 4 |  4.5
Fighting       | 4 6 |  6.0
Throwing       | 1 |  1.4
Dodging        | |  1.5
Stealth        | |  5.4

Action                   |  1- 3 |  4- 6 |  7- 9 || total
-------------------------+-------+-------+-------++-------
Melee: Hand axe          |    75 |   217 |   126 ||   418
       Punch             |       |     1 |     5 ||     6
       War axe           |       |       |    29 ||    29
Throw: Boomerang         |       |       |     5 ||     5
  Use: Scroll            |     2 |     6 |     3 ||    11
       Potion            |       |     2 |     3 ||     5
 Stab: Sleeping          |     1 |     2 |       ||     3
Armor: Leather armour    |    36 |    39 |       ||    75
       Ring mail         |       |    45 |       ||    45
       Plate armour      |       |       |   123 ||   123
Dodge: Dodged            |    48 |   127 |    94 ||   269

Table legend:
 A = Non-vault XP
 B = Vault XP
 C = Vault XP percentage of total XP
 D = Non-vault monster count
 E = Vault monster count
 F = Vault count percentage of total count
                 A         B        C        D         E       F
            +---------+---------+-------+---------+---------+-------
      Total |    1707 |     295 |  14.7 |     106 |       7 |   6.2
            +---------+---------+-------+---------+---------+-------
        D:1 |      47 |       0 |   0.0 |      25 |       0 |   0.0
        D:2 |      62 |       0 |   0.0 |      23 |       0 |   0.0
        D:3 |     173 |     272 |  61.1 |      22 |       1 |   4.3
        D:4 |      42 |      23 |  35.4 |       7 |       6 |  46.2
        D:5 |     541 |       0 |   0.0 |      11 |       0 |   0.0
        D:6 |     842 |       0 |   0.0 |      18 |       0 |   0.0
            +---------+---------+-------+---------+---------+-------
